 Dungeon Crawl Stone Soup version 0.29.1-1-gd02db6906a (webtiles) character file.

Game seed: 14447087729374505510

1320 warriortoast the Trooper (level 8, -4/54 HPs)
             Began as a Gargoyle Fighter on Sept 20, 2022.
             Killed by divine providence
             ... invoked by an orc priest
              (14 damage)
             ... on level 4 of the Dungeon.
             The game lasted 00:16:08 (5922 turns).

warriortoast the Trooper (Gargoyle Fighter)         Turns: 5922, Time: 00:16:09

Health: -4/54      AC: 22    Str: 22    XL:     8   Next: 59%
Magic:  8/8        EV:  6    Int:  9    God:
Gold:   185        SH:  6    Dex:  9    Spells: 7/7 levels left

rFire   . . .      SeeInvis .   a - +0 flail
rCold   . . .      Faith    .   A - +2 buckler
rNeg    + . .      Spirit   .   B - +0 plate armour
rPois   ∞          Reflect  .   z - +0 helmet
rElec   +          Harm     .   l - +1 cloak
rCorr   .          Rampage  +   (no gloves)
Will    .....                   m - +1 pair of boots {rampage}
Stlth   ..........              (no amulet)
HPRegen 0.18/turn               (no ring)
MPRegen 0.11/turn               (no ring)

@: no status effects
A: sickness immunity, AC +5, negative energy resistance 1, electricity
resistance, torment resistance 1, petrification resistance
a: no special abilities


You were on level 4 of the Dungeon.
You visited 1 branch of the dungeon, and saw 4 of its levels.
You also visited: Sewer.

You collected 185 gold pieces.

Inventory:

Hand Weapons
 a - a +0 flail (weapon)
 k - a +4 quarterstaff of chaos
 y - a +1 mace of protection
Missiles
 g - 21 poisoned darts (quivered)
 r - a javelin
 s - 4 curare-tipped darts
Armour
 b - a +0 scale mail
 c - a +0 buckler
 l - a +1 cloak (worn)
 m - a +1 pair of boots of rampaging (worn)
 p - a +2 leather armour of poison resistance
 z - a +0 helmet (worn)
 A - a +2 buckler (worn)
 B - a +0 plate armour (worn)
Scrolls
 d - 6 scrolls of teleportation {unknown}
 e - 3 scrolls of identify {unknown}
 f - a scroll of noise {unknown}
 j - a scroll of enchant weapon {unknown}
 o - a scroll of blinking {unknown}
 q - a scroll of poison {unknown}
 t - a scroll of enchant armour {unknown}
 u - a scroll of summoning {unknown}
Potions
 h - a potion of curing {unknown}
 i - a potion of resistance {unknown}
 n - a potion of haste {unknown}
 v - a potion of heal wounds {unknown}
 w - a potion of magic {unknown}
 x - a potion of attraction {unknown}


   Skills:
 + Level 7.9 Fighting
 + Level 6.8 Maces & Flails
 - Level 4.0 Armour
 - Level 4.0 Shields
 + Level 2.3 Evocations


You had 7 spell levels left.
You didn't know any spells.
Your spell library contained the following spells:

 Spells                   Type           Power      Damage    Failure   Level
 Apportation              Tloc           0%         N/A       100%        1
 Necrotise                Necr           0%         1d4       100%        1
 Summon Small Mammal      Summ           0%         N/A       100%        1
 Fireball                 Conj/Fire      0%         3d3       100%        5
 Starburst                Conj/Fire      0%         6d3       100%        6
 Ignition                 Fire           0%         3d3       100%        8


Dungeon Overview and Level Annotations

Branches:
Dungeon (4/15)              Sewer (visited)
 Temple: D:4-7

Altars:
Elyvilon
Hepliaklqana
Nemelex Xobeh
Qazlal
Sif Muna
Wu Jian
Xom
Yredelemnul

Shops:
D:3 [


Innate Abilities, Weirdness & Mutations

You are immune to sickness and miasma.
Your stone body is resilient. (AC +5)
You are immune to poison.
You resist negative energy. (rN+)
You are resistant to electric shocks. (rElec)
You are resistant to unholy torment.
You are immune to petrification.


Message History

You are too injured to fight recklessly!
You are too injured to fight recklessly!
You are too injured to fight recklessly!
You are too injured to fight recklessly!
You are too injured to fight recklessly!
You are too injured to fight recklessly!
You are too injured to fight recklessly!
You are too injured to fight recklessly!
You are too injured to fight recklessly!
You are too injured to fight recklessly!
You are too injured to fight recklessly!
You are too injured to fight recklessly!
You are too injured to fight recklessly!
You are too injured to fight recklessly!
You are too injured to fight recklessly!
Unknown command.
You are too injured to fight recklessly!
Unknown command.
You are too injured to fight recklessly!
You are too injured to fight recklessly!
Unknown command.
You are too injured to fight recklessly!
You are too injured to fight recklessly!
Unknown command.
You are too injured to fight recklessly!
You are too injured to fight recklessly!
You hit the orc warrior.
The orc warrior is heavily wounded.
You block the orc warrior's attack.
You hit the orc warrior but do no damage.
The orc warrior is heavily wounded.
The orc warrior closely misses you.
The orc priest mumbles some strange prayers to Beogh against you.
Beogh smites you!
* * * LOW HITPOINT WARNING * * *
You hit the orc warrior but do no damage.
The orc warrior is heavily wounded.
The orc priest mumbles some strange prayers to Beogh against you.
Beogh smites you!
You die...

# #.## #. # #######..########
#. # #...............# #. #
#.####.....####.# #[ # #.#
##...##.?#.# #. # #.#
##.##...#.# #####' # #.##
#.#o..##.# #..... # #..##
+#.#o.##..# #..... ##
###...###..@###...## #..... .#
##.........8........####.....
.#
##..#...###...###.............
.###..##..##
+#.#).##..#####.÷...
###..###.## #.#...##.# #.....
###.## #.# ##.##...#.# #.....
....# #.# ##...##..#.# ####..
###.## #.####.....####.# #..
#..###...............### ##'


You could see an orc warrior and an orc priest.

Vanquished Creatures
  Grinder (D:3)
  The ghost of holycorn the Chopper, an amateur HOFi of Elyvilon (D:4)
  9 kobold brigands (Sewer)
  3 iguanas
  Crazy Yiuf (D:2)
  Jessica (D:2)
  Ijyb (D:3)
  An orc wizard (D:4)
  Robin (D:3)
  6 adders
  2 worms (Sewer)
  2 orcs (D:4)
  10 endoplasms
  8 giant cockroaches
  18 goblins
  8 hobgoblins
  8 jackals
  3 quokkas
  11 ball pythons
  6 bats
  6 frilled lizards
  7 kobolds
  9 rats
123 creatures vanquished.

Vanquished Creatures (others)
  An orc (D:3)
1 creature vanquished.

Grand Total: 124 creatures vanquished

Notes
Turn   | Place    | Note
-------+----------+-------------------------------------------
     0 | D:1      | warriortoast the Gargoyle Fighter began the quest for the
                  | Orb.
     0 | D:1      | Reached XP level 1. HP: 14/14 MP: 1/1
   301 | D:1      | Reached XP level 2. HP: 19/19 MP: 2/2
   447 | D:1      | Reached XP level 3. HP: 19/23 MP: 3/3
   960 | D:2      | Found a faded altar of an unknown god.
   968 | D:2      | Reached XP level 4. HP: 8/29 MP: 4/4
  1257 | D:2      | Noticed Jessica
  1282 | D:2      | Killed Jessica
  1283 | D:2      | Reached skill level 4 in Fighting
  1978 | D:2      | Found a runed translucent door.
  1979 | D:2      | Noticed Crazy Yiuf
  2290 | D:2      | Killed Crazy Yiuf
  2291 | D:2      | Reached XP level 5. HP: 13/34 MP: 5/5
  2533 | D:3      | Found an ornate altar of the Wu Jian Council.
  2578 | D:3      | Noticed Ijyb
  2589 | D:3      | Killed Ijyb
  2778 | D:3      | Found a glowing drain.
  2805 | Sewer    | Entered a sewer
  2942 | Sewer    | Noticed a kobold brigand
  2957 | Sewer    | Killed a kobold brigand
  2958 | Sewer    | Reached skill level 5 in Fighting
  2958 | Sewer    | Reached XP level 6. HP: 34/40 MP: 6/6
  3601 | Sewer    | Reached skill level 6 in Fighting
  3601 | Sewer    | Reached skill level 5 in Maces & Flails
  3601 | Sewer    | Reached XP level 7. HP: 31/46 MP: 7/7
  4452 | Sewer    | Reached skill level 7 in Fighting
  4452 | Sewer    | Reached XP level 8. HP: 53/53 MP: 8/8
  4555 | D:3      | Noticed Robin
  4556 | D:3      | Found a sparkling altar of Nemelex Xobeh.
  4561 | D:3      | Found a shimmering blue altar of Sif Muna.
  4582 | D:3      | Killed Robin
  4624 | D:3      | Found a stormy altar of Qazlal.
  4624 | D:3      | Found a white marble altar of Elyvilon.
  4625 | D:3      | Found a hazy altar of Hepliaklqana.
  4627 | D:3      | Found a shimmering altar of Xom.
  4628 | D:3      | Found a basalt altar of Yredelemnul.
  4785 | D:3      | Found Etamp's Antique Armour Shop.
  4785 | D:3      | Noticed Grinder
  4808 | D:3      | Killed Grinder
  4809 | D:3      | Reached skill level 1 in Evocations
  5424 | D:4      | Found a runed translucent gate.
  5425 | D:4      | Found a runed translucent gate.
  5425 | D:4      | Found a runed translucent gate.
  5426 | D:4      | Noticed holycorn's ghost (amateur HOFi)
  5452 | D:4      | Killed holycorn's ghost
  5922 | D:4      | Killed from afar by an orc priest

Illustrated notes

Levels and vault maps discovered:
D:1:      nagdon_arrival_double_spiral, layout_basic
D:2:      layout_basic, shapermc_ecumenical_altar_venn, uniq_crazy_yiuf_cottage,
          uniq_jessica
D:3:      layout_loops_ring, lemuel_tele_altar, grunt_temple_overflow_open,
          gup_sewer_entry_pipe, serial_shops, nicolae_diamond_shop, uniq_ijyb,
          uniq_robin, uniq_grinder
D:4:      cheibrodos_barr_body, layout_basic, ebering_ghost_rock_garden,
          uniq_duvessa

Skill      XL: |  1  2  3  4  5  6  7  8 |
---------------+-------------------------+-----
Fighting       | 4 5 6 7 |  7.9
Armour         | 4 |  4.0
Shields        | 4 |  4.0
Maces & Flails | 3 4 5 6 |  6.8
Evocations     | 2 |  2.3

Action                   |  1- 3 |  4- 6 |  7- 9 || total
-------------------------+-------+-------+-------++-------
Melee: Flail             |    72 |   247 |   232 ||   551
Throw: Javelin           |     6 |     8 |     1 ||    15
       Dart              |       |     2 |     9 ||    11
Evoke: Wand              |       |       |     6 ||     6
  Use: Potion            |     1 |       |       ||     1
Armor: Scale mail        |    44 |   136 |   100 ||   280
       Plate armour      |       |       |     6 ||     6
Dodge: Dodged            |    37 |   109 |    80 ||   226
Block: Buckler           |    19 |    44 |    61 ||   124
